 Dungeon Crawl Stone Soup version 0.32-a0-391-gce5c0aab1b (webtiles) character file.

Game seed: 18101969368513398902

9 Bravepunisher the Changeling (level 2, 0/14 HPs)
             Began as a Spriggan Shapeshifter on Feb 19, 2024.
             Was an Initiate of Makhleb.
             Killed by nerve-wracking pain
             ... invoked by Grinder
              (8 damage)
             ... on level 5 of the Dungeon.
             The game lasted 00:02:47 (292 turns).

Bravepunisher the Changeling (Spriggan Shapeshifter) Turns: 292, Time: 00:02:48

Health: 0/14       AC:  2    Str: 10    XL:     2   Next: 3%
Magic:  3/3        EV: 17    Int: 11    God:    Makhleb [......]
Gold:   19         SH:  0    Dex: 14    Spells: 1/1 levels left

rFire   . .          .
                       - Unarmed
rCold   . . .        (no shield)
rNeg    . . .        a - +0 animal skin
rPois   .            (helmet currently unavailable)
rElec   .            (cloak currently unavailable)
rCorr   .            (gloves unavailable)
SInv    +            (boots unavailable)
Will    .....        (no amulet)
Stlth   +            (no ring)
HPRegen 0.22/turn    (no ring)
MPRegen 0.08/turn

%: no passive effects
@: beast-form, very quick
A: beast (slay +2), very small, no large weapons, unfitting armour, see
invisible, speed 3
a: Begin Untransformation, Renounce Religion


You were on level 5 of the Dungeon.
You worshipped Makhleb.
Makhleb was noncommittal.
You were a hulking beast.
You visited 2 branches of the dungeon, and saw 7 of its levels.

You collected 19 gold pieces.

Inventory:

Armour
 a - a +0 animal skin (worn)
Talismans
 c - a beast talisman (active)
 d - a flux talisman
Scrolls
 e - 2 scrolls of identify {unknown}
 g - a scroll of enchant weapon {unknown}
Potions
 b - a potion of lignification
 f - a potion of curing {unknown}


   Skills:
 * Level 1.2 Fighting
 + Level 3.0 Dodging
 - Level 2.4 Unarmed Combat
 + Level 0.3 Invocations
 + Level 4.1 Shapeshifting


You had one spell level left.
You didn't know any spells.
Your spell library contained the following spells:

 Spells                   Type           Power      Damage    Failure   Level
 Cause Fear               Hex            0%         N/A       98%         4
 Fireball                 Conj/Fire      0%         3d3       100%        5
 Dragon's Call            Summ           0%         N/A       100%        9


Dungeon Overview and Level Annotations

Branches:
Dungeon (6/15)             Temple (1/1) D:5

Altars:
Ashenzari
Cheibriados
Dithmenos
Elyvilon
Fedhas
Gozag
Hepliaklqana
Makhleb
Qazlal
Ru
Sif Muna
Trog
Vehumet
Wu Jian
Xom
Yredelemnul
Zin
The Shining One

Annotations:
D:5 Grinder
D:6 Edmund


Innate Abilities, Weirdness & Mutations

You are a hulking beast.
Your limbs bulge with bestial killing power. (Slay +2)
You are very small and have problems with some larger weapons.
You are too small for most types of armour.
You have supernaturally acute eyesight. (SInv)
You cover ground extremely quickly. (Speed+++)


Message History

You closely miss the quokka. The quokka completely misses you.
You hit the quokka.
The quokka is heavily wounded.
The quokka barely misses you.
You hit the quokka.
The quokka is severely wounded.
The quokka completely misses you.
You hit the quokka.
You kill the quokka!
Makhleb accepts your kill.
A dart slug comes into view.
The dart slug launches a dart at you. The slug dart hits you.
Ouch! That really hurt!
You punch the dart slug!
The dart slug is almost dead.
The dart slug barely misses you.
You hit the dart slug but do no damage.
The dart slug is almost dead.
The dart slug bites you.
You barely miss the dart slug.
The dart slug is almost dead.
Grinder says, "DUCK!"
Grinder gestures at you.
You suddenly lose the ability to move!
The dart slug launches a dart at you. The slug dart hits you.
Grinder blinks!
The dart slug barely misses you.
You can move again.
You hit the dart slug.
You kill the dart slug!
Makhleb accepts your kill.
Your Dodging skill increases to level 3!
You have reached level 2!
Grinder blinks!
Grinder gestures at you. Pain shoots through your body!
Ouch! That really hurt!
You die...
Grinder says, "Now the real fun starts!"

#........... +...........
#........... ###+##...........
...#+#########.5........#.....
#.....#.........'......P>........
#.....#.........#.......P........
#.....#.........#..........#...†.
#.....#...##..#.h.....§....+.....
#.....#...##..########..####.....
......#........# #...........
......#..5.....# #...........
......'........# #......#####
.....>#........# #......#
......#........# #......#
......#........# #......#
....5.#....##### ########


You could see Grinder.

Vanquished Creatures
  A dart slug (D:5)
  A hobgoblin (D:2)
  A quokka (D:5)
  A ball python (D:1)
4 creatures vanquished.

Notes
Turn   | Place    | Note
-------+----------+-------------------------------------------
     0 | D:1      | Bravepunisher the Spriggan Shapeshifter began the quest for
                  | the Orb.
     0 | D:1      | Reached XP level 1. HP: 9/9 MP: 2/2
    72 | D:2      | Reached skill level 1 in Fighting
   117 | D:5      | Entered Level 5 of the Dungeon
   159 | D:6      | Noticed Edmund
   159 | D:6      | Noticed a bullfrog
   166 | D:5      | Noticed Grinder
   184 | D:5      | Found a staircase to the Ecumenical Temple.
   193 | Temple   | Entered the Ecumenical Temple
   221 | Temple   | Became a worshipper of Makhleb the Destroyer
   273 | D:5      | Paralysed by Grinder for 4 turns
   278 | D:5      | Reached XP level 2. HP: 6/14 MP: 3/3
   292 | D:5      | Killed from afar by Grinder

Illustrated notes

Levels and vault maps discovered:
D:1:      spicycebolla_arrival_ecumenical, layout_basic, minmay_vboxes
D:2:      kb_forest_paths, layout_rooms, uniq_terence
D:3:      layout_basic, palyth_stone_intersect
D:4:      layout_rooms, minmay_overflow_temple_star_quad, kennysheep_dice
D:5:      layout_gridville, minmay_temple_entry_overgrown, uniq_grinder,
          uniq_prince_ribbit1
D:6:      layout_loops_ring, chequers_serial_rivers_room_a, uniq_sigmund,
          uniq_edmund, uniq_maggie
Temple:   compressed_dpeg_circular_temple

Skill      XL: |  1 |
---------------+----+-----
Fighting       | 1 |  1.2
Dodging        | 3 |  3.0
Unarmed Combat | |  2.4
Invocations    | |  0.3
Shapeshifting  | |  4.1

Action                     || total
---------------------------++-------
  Melee: Unarmed           ||    14
 Armour: Animal skin       ||     8
  Dodge: Dodged            ||    14

Table legend: (Time is in decaauts)
 A = Elapsed time spent in this place.
 B = Non-inter-level travel time spent in this place.
 C = Inter-level travel time spent in this place.
 D = Time resting spent in this place.
 E = Time spent auto-exploring this place.
 F = Levels seen in this place.
 G = Mean time per level.
                   A        B        C        D        E       F      G
               +--------+--------+--------+--------+--------+-----+--------+
         Total |    194 |    166 |     28 |      0 |     22 |   7 |   27.7 |
       Dungeon |    159 |    158 |      1 |      0 |     22 |   6 |   26.5 |
        Temple |     35 |      8 |     27 |      0 |      0 |   1 |   35.0 |
               +--------+--------+--------+--------+--------+-----+--------+

Top non-repeatable levels by time:
     D:5: 79 daAuts
     D:1: 42 daAuts
  Temple: 35 daAuts
     D:2: 14 daAuts
     D:4: 12 daAuts
     D:3: 7 daAuts
     D:6: 1 daAuts
